Map: Altitude LE

Players

tonberry

  • Race: Zerg Zerg
  • League: Diamond
  • Spawn Location: 1:00

lllllllll - Winner!

  • Race: Protoss Protoss
  • Spawn Location: 7:00

VOD

Have the link to the VOD?

Description

Time

  • Played on: March 2, 2023, 11:22 p.m.
  • Length: 8:13
Show
View Real Time Build Order
Export as new Build Order

tonberry Zerg 

Build Orders: Pool First 

Get SALT Encoding   

  12  0:18  Spawning Pool  
  11  0:22  Drone  
  11  0:26  Drone  
  13  0:30  Drone  
  14  0:46  Overlord  
  14  1:07  Zergling x6  
  19  1:20  Hatchery  
  19  1:22  Zergling x2  
  17  1:30  Zergling x2  
  18  1:37  Queen  
  20  1:45  Drone  
  21  1:52  Overlord  
  21  2:04  Drone  
  22  2:15  Drone  
  23  2:23  Drone, Queen  
  26  2:46  Queen  
  26  2:48  Drone  
  29  2:52  Hatchery  
  29  2:57  Drone x2  
  30  3:00  Extractor  
  29  3:08  Drone x3  
  32  3:19  Queen  
  34  3:32  Drone x2  
  36  3:39  Overlord  
  36  3:50  Roach Warren  
  35  4:00  Overlord  
  35  4:01  Drone  
  36  4:03  Queen  
  36  4:05  Metabolic Boost  
  36  4:09  Drone x2  
  40  4:10  Drone x2  
  42  4:18  Overlord  
  42  4:19  Drone  
  43  4:39  Drone x4  
  43  4:40  Drone x2  
  49  4:48  Drone x2, Spore Crawler  
  49  4:49  Drone x2  
  52  5:03  Drone x2  
  52  5:04  Drone x3  
  52  5:06  Spore Crawler  
  56  5:08  Drone  
  56  5:11  Lair  
  56  5:14  Spore Crawler  
  56  5:18  Drone x2  
  58  5:23  Overlord  
  58  5:25  Overlord  
  56  5:51  Roach x7  
  68  6:04  Extractor  
  67  6:05  Extractor, Overlord x2  
  67  6:10  Extractor  
  65  6:15  Evolution Chamber  
  65  6:17  Drone x3  
  67  6:22  Overseer  
  65  6:34  Drone x2  
  65  6:39  Drone x2  
  69  6:40  Hatchery  
  69  6:43  Roach x5  
  77  6:55  Queen  
  77  6:59  Drone  
  78  7:01  Drone x5  
  83  7:10  Overlord x2  
  83  7:15  Overlord x4  
  83  7:21  Overlord  
  83  7:36  Drone x3  
  86  7:45  Roach  
  86  7:46  Roach x3  
  86  7:49  Spore Crawler  
  95  7:51  Roach x3  
  95  7:56  Ravager x2  
Show
View Real Time Build Order
Export as new Build Order

lllllllll Protoss - Winner!

Build Orders: Zealot Archon 

Get SALT Encoding   

  12  0:00  Probe  
  13  0:12  Probe  
  14  0:20  Pylon  
  14  0:27  Probe  
  15  0:39  Gateway, Probe (Chrono Boost)  
  16  0:49  Assimilator  
  17  0:50  Probe (Chrono Boost)  
  17  0:54  Probe (Chrono Boost)  
  18  1:05  Probe  
  19  1:18  Probe  
  20  1:27  Zealot (Chrono Boost)  
  20  1:28  Gateway  
  20  1:30  Cybernetics Core  
  21  1:34  Pylon  
  21  1:39  Probe  
  22  1:52  Zealot (Chrono Boost)  
  24  2:16  Adept (Chrono Boost)  
  24  2:20  Adept (Chrono Boost)  
  28  2:24  Nexus  
  28  2:28  Warp Gate  
  28  2:35  Assimilator  
  28  2:39  Probe  
  28  2:40  Pylon  
  29  2:48  Stalker  
  31  2:58  Probe  
  32  3:06  Twilight Council  
  32  3:10  Probe (Chrono Boost)  
  34  3:20  Adept  
  34  3:22  Probe (Chrono Boost)  
  34  3:27  Probe (Chrono Boost)  
  37  3:36  Probe  
  37  3:37  Robotics Facility  
  37  3:39  Probe  
  40  3:48  Probe  
  40  3:51  Probe  
  41  4:00  Dark Shrine, Probe  
  42  4:03  Probe  
  43  4:12  Assimilator, Probe  
  44  4:19  Probe  
  44  4:22  Gateway  
  45  4:24  Probe  
  45  4:26  Gateway  
  45  4:30  Pylon  
  45  4:31  Probe  
  47  4:36  Warp Prism (Chrono Boost)  
  47  4:37  Probe  
  48  4:43  Probe  
  51  4:50  Assimilator, Probe  
  52  4:55  Probe  
  53  5:02  Pylon, Probe  
  54  5:07  Pylon  
  55  5:14  Probe  
  55  5:31  Dark Templar x4  
  55  5:33  Charge  
  55  5:35  Gateway  
  63  5:37  Gateway  
  63  5:43  Immortal (Chrono Boost)  
  67  5:57  Gateway  
  67  5:59  Gateway  
  67  6:12  Immortal (Chrono Boost)  
  67  6:13  Gateway  
  67  6:14  Gateway  
  71  6:34  Archon  
  71  6:35  Archon  
  71  6:41  Dark Templar  
  71  6:42  Dark Templar  
  71  6:44  Zealot  
  77  6:48  Pylon  
  77  6:50  Pylon  
  77  7:04  Immortal (Chrono Boost)  
  81  7:09  Pylon  
  81  7:10  Pylon x2  
  81  7:11  Sentry x2  
  81  7:14  Zealot x4  
  93  7:31  Dark Templar, Archon  
  93  7:33  Observer (Chrono Boost)  
  96  7:43  Pylon  
  96  7:44  Pylon  
  96  7:47  Dark Templar  
  96  7:48  Zealot x6  
  110  7:55  Archon  
  110  8:05  Pylon  
  110  8:07  Zealot x3  
Tags
 
Composition
Zealot Archon
League
Diamond
Matchup
PvZ
Opening
Pool First
Spawn Locations
Cross Positions
Add a new tag
Caveats
  • Supply blocks, unpowered buildings, or Contaminate may cause inaccurate times.
  • Supply counts are checked every 10 seconds.